[Event "NJSK 2022 Jeugd A"]
[Site "Almelo, Netherlands"]
[Date "2022.05.04"]
[Round "4.6"]
[White "Hooijmans, Max"]
[Black "Bakker, Tycho"]
[Result "1/2-1/2"]
[TimeControl "90min/40moves + 30min + 30sec/move"]
[WhiteElo "1420"]
[BlackElo "1857"]

1. e4 e5 2. Nf3 Nc6 3. Bc4 Nf6 4. Nc3 Nxe4 5. Bxf7+ Kxf7 6. Nxe4 d5 7. Ng3 e4 8. Ng1 Bc5 9.
d3 Qf6 10. Be3 Bxe3 11. fxe3 exd3 12. cxd3 Qxb2 13. N1e2 Qb4+ 14. Qd2 Qxd2+ 15. Kxd2 Ne5 16. Rhf1+ Ke7 17. Nf5+ Bxf5 18. Rxf5 Kd6 19.
Raf1 Nd7 20. Rf7 Rhf8 21. Nd4 Rxf7 22. Rxf7 Rf8 23. Rxg7 Rf2+ 24. Ne2 Ne5 25. h3 a5 26. d4 Nc4+ 27.
Ke1 Rf6 28. Rxh7 Nxe3 29. g4 Rf1+ 30. Kd2 Nc4+ 31. Kd3 Rf3+ 32. Kc2 Rf2 33. Kd3 Rf3+ 1/2-1/2

[Event "NJSK 2022 Jeugd A"]
[Site "Almelo, Netherlands"]
[Date "2022.05.04"]
[Round "4.7"]
[White "Visser, Berend"]
[Black "Boeren, Jurriaan"]
[Result "0-1"]
[TimeControl "90min/40moves + 30min + 30sec/move"]
[WhiteElo "1763"]
[BlackElo "1778"]

1. d4 d5 2. c4 e6 3. Nc3 c6 4. Nf3 dxc4 5. a4 Bb4 6. e3 b5 7. Bd2 a5 8. axb5 Bxc3 9. Bxc3 cxb5 10.
b3 Bb7 11. bxc4 b4 12. Bb2 Nf6 13. Bd3 Nbd7 14. O-O O-O 15. Re1 Ne4 16. Nd2 Nxd2 17. Qxd2 e5 18. d5 Qe7 19. e4 Nc5 20.
Bc2 Rfb8 21. Qe3 a4 22. Bxe5 Qxe5 23. Qxc5 Qc3 24. Rac1 Rc8 25. Qb6 Qxc4 26. Qxb7 Rab8 27. Qa7 b3 28.
Qe3 b2 29. e5 bxc1=Q 30. Rxc1 Qxc2 31.
Rxc2 Rb1+ 0-1

[Event "NJSK 2022 Jeugd A"]
[Site "Almelo, Netherlands"]
[Date "2022.05.05"]
[Round "5.1"]
[White "Albers, Sasa"]
[Black "Roebers, Eline"]
[Result "1/2-1/2"]
[TimeControl "90min/40moves + 30min + 30sec/move"]
[WhiteElo "2117"]
[BlackElo "2369"]

1. e4 c5 2. Nf3 Nc6 3. Bb5 g6 4.
O-O Bg7 5. c3 e5 6. d3 Nge7 7. Be3 d6 8. d4 exd4 9. cxd4 O-O 10. Nc3 Qb6 11. dxc5 dxc5 12. Qd6 Nd4 13. Qxe7 Bf6 14.
Nd5 Nxf3+ 15. gxf3 Bxe7 16. Nxb6 axb6 17. Rfd1 Be6 18. a3 Bf6 19. Rd2 Rfd8 20. Rad1 Rxd2 21. Rxd2 Rd8 22. Rxd8+ Bxd8 23.
f4 Bf6 24. e5 Bd8 25. Kf1 f6 26. Ke2 Bc7 27. exf6 Kf7 28. Bd3 Bd5 29. f3 Kxf6 30. Be4 Bc6 31. Kd3 Ke6 32. b4 cxb4 33.
axb4 Bd6 34. Kc3 b5 35. Bd2 Bc7 36. Kd3 Bd5 37. Bxd5+ Kxd5 38. h3 Bd6 39. Kc3 Bf8 40. Kd3 Bg7 41.
Be3 Bf8 42. Bd2 Be7 43. Bc3 Bd6 44. Bd2 h5 45. Kc3 Ke6 46. Kd4 Kf5 47. Kd5 Bxf4 48. Be1 Be3 49. Bg3 Kg5 50. Ke6 Bd2 51.
Bd6 Kh4 52. Kf6 Kxh3 53. Kxg6 Kg2 54. f4 h4 55. f5 h3 56.
f6 h2 57. f7 h1=Q 58. f8=Q Qh4 59. Kf5 Kf3 60. Ke6+ Ke4 61.
Qf5+ Ke3 62. Qxb5 Qe4+ 63. Kd7 Qc6+ 64. Qxc6 bxc6 65. Kxc6 Bxb4 66. Bxb4 1/2-1/2

[Event "NJSK 2022 Jeugd A"]
[Site "Almelo, Netherlands"]
[Date "2022.05.05"]
[Round "5.2"]
[White "Van Foreest, Machteld"]
[Black "Van Kuijk, Vadim"]
[Result "1-0"]
[TimeControl "90min/40moves + 30min + 30sec/move"]
[WhiteElo "2287"]
[BlackElo "1898"]

1. e4 c6 2. d4 d5 3. e5 Bf5 4. h4 h5 5. Bd3 Bxd3 6. Qxd3 Qa5+ 7. Nd2 e6 8. Ngf3 Nh6 9. O-O Nf5 10.
c4 Be7 11. g3 Qa6 12. b3 c5 13. Qc2 dxc4 14. d5 c3 15. Nc4 Nd4 16. Nxd4 cxd4 17. d6 Bd8 18. Qe4 Nc6 19. d7+ Kxd7 20.
Rd1 Be7 21. Be3 Bc5 22. Qf3 Ke8 23. Bxd4 c2 24. Bxc5 cxd1=Q+ 25. Rxd1 Nxe5 26. Nxe5 f6 27. Qe4 Rh6 28. Qd4 Qb5 29.
Qd6 fxe5 30. Qe7# 1-0

[Event "NJSK 2022 Jeugd A"]
[Site "Almelo, Netherlands"]
[Date "2022.05.05"]
[Round "5.3"]
[White "Elgersma, Onno"]
[Black "Maters, Arthur"]
[Result "1-0"]
[TimeControl "90min/40moves + 30min + 30sec/move"]
[WhiteElo "2303"]
[BlackElo "2048"]

1. e4 d6 2. Nf3 Nf6 3. Nc3 e5 4. d4 Nbd7 5. Bc4 Be7 6. O-O c6 7. a4 Qc7 8. Re1 h6 9. Ba2 O-O 10.
h3 Re8 11. Be3 b6 12. Qd3 a6 13. Qc4 Rf8 14. Nh4 exd4 15. Bxd4 Ne5 16. Qe2 Nh7 17. Nf5 Bxf5 18. exf5 Bf6 19.
Rad1 Nd7 20. Qc4 Ra7 21. Be3 d5 22. Qg4 Kh8 23. Bf4 Qc8 24. Bd6 Re8 25. Qh5 Nc5 26. Rxe8+ Qxe8 27. a5 Rd7 28.
Bxc5 bxc5 29. Na4 c4 30. b3 cxb3 31. Bxb3 Re7 32. Rf1 Re1 33. Nc5 Bd8 34. Nd3 Rxf1+ 35. Kxf1 Bxa5 36. Qe2 Qc8 37.
Ne5 Kg8 38. Ba4 Bb4 39. Nxc6 a5 40. Qb5 Kf8 41. Qxd5 Nf6 42. Qd4 Be7 43. Qe5 Qd7 44. Qxa5 Qd1+ 45. Qe1 Qxe1+ 46. Kxe1 Bc5 47.
Ne5 Bd4 48. Nd3 Ke7 49. Bb3 Ne4 50. Ke2 Kf6 51. g4 Nc3+ 52. Kf3 g6 53. fxg6 fxg6 54. h4 g5 55. hxg5+ hxg5 56. Bc4 Ke7 57.
Kg2 Kf6 58. f4 gxf4 59. Nxf4 Be5 60. Nd5+ Kg5 61. Nxc3 Bxc3 62. Kf3 Kf6 63. Ke4 Bb4 64. Bb3 Bc3 65. Ba4 Kg5 66. Bd7 Kf6 67.
Kd3 Be1 68. Kc4 Ke5 69. g5 Bh4 70. g6 Bf6 71. Kb5 Kd6 72. Bh3 Bc3 73. Kc4 Bg7 74. c3 Ke5 75. Bf1 Kd6 76. Kb4 Kc6 77.
c4 Bf8+ 78. Ka5 Kc5 79. Ka6 Kc6 80. Bg2 Kc5 81. Bd5 Bg7 82. Kb7 Kd6 83. Kb6 Bd4+ 84. Kb5 Be5 85. Be4 Bd4 86. c5+ Kc7 87.
Kc4 Bb2 88. Kd5 Kd7 89. Bf5+ Kc7 90. c6 Kd8 91. Ke6 Kc7 92. Be4 1-0

[Event "NJSK 2022 Jeugd A"]
[Site "Almelo, Netherlands"]
[Date "2022.05.05"]
[Round "5.4"]
[White "Pham, Khoi"]
[Black "Klaren, Duncan"]
[Result "0-1"]
[TimeControl "90min/40moves + 30min + 30sec/move"]
[WhiteElo "2291"]
[BlackElo "1916"]

1. e4 c5 2. Nf3 d6 3. d4 cxd4 4. Nxd4 Nf6 5. Nc3 a6 6. Bg5 e6 7. f4 Be7 8. Qf3 Qc7 9. O-O-O Nbd7 10.
g4 b5 11. Bxf6 Nxf6 12. g5 Nd7 13. f5 O-O 14. Rg1 b4 15. Nce2 e5 16. f6 exd4 17. fxe7 Re8 18. Nxd4 Ne5 19.
Qb3 Qc5 20. h4 Rxe7 21. Qg3 Bg4 22. Be2 Bxe2 23. Nxe2 Qc4 24. Nd4 Qxa2 25. Qb3 Qxb3 26. Nxb3 Nc4 27. Rd4 Rc7 28. Rg3 Rac8 29.
Rd5 Re7 30. Rd4 a5 31. Nd2 Nxd2 32. Kxd2 Rec7 33. c3 Rc4 34. Kd3 Rxc3+ 35. bxc3 Rxc3+ 36. Kd2 Rxg3 37. Rxd6 g6 0-1

[Event "NJSK 2022 Jeugd A"]
[Site "Almelo, Netherlands"]
[Date "2022.05.05"]
[Round "5.5"]
[White "Boeren, Jurriaan"]
[Black "Van Dam, Thijs"]
[Result "1/2-1/2"]
[TimeControl "90min/40moves + 30min + 30sec/move"]
[WhiteElo "1778"]
[BlackElo "1903"]

1. e4 c5 2. Nf3 Nc6 3. d4 cxd4 4. Nxd4 Nf6 5. Nc3 g6 6. Be3 Bg7 7. Be2 O-O 8. Qd2 d5 9. exd5 Nxd5 10.
Nxd5 Qxd5 11. Bf3 Qe5 12. Nxc6 bxc6 13. c3 Ba6 14. Be2 Rfd8 15. Qc2 Bxe2 16. Qxe2 Rab8 17. O-O Bh6 18. Rab1 Bxe3 19.
Qxe3 Qxe3 20. fxe3 Rd3 21. c4 Rxe3 22. Kf2 Rd3 23.
Rfe1 e6 24. Re2 Kg7 25. Rc2 c5 26. Ke2 Rd4 27. Ke3 Rb4 28. b3 Rb6 29. b4 e5 30. b5 a6 31. a4 a5 32. Rb3 Kf6 33.
Rd3 Ke6 34. Rxd4 exd4+ 35. Kd3 h5 36. Re2+ Kd7 37. Re5 Rf6 38. Rxc5 Rf2 39. b6 Rxg2 40. b7 Rb2 41. Rb5 Rxb5 42.
cxb5 Kc7 43. b8=B+ Kxb8 44. Kxd4 f6 45. Ke4 Kc7 46. h4 Kd6 47. Kf4 Kd5 48. Kf3 Ke5 49. Kg3 g5 50. hxg5 fxg5 51. Kh3 g4+ 1/2-1/2

[Event "NJSK 2022 Jeugd A"]
[Site "Almelo, Netherlands"]
[Date "2022.05.05"]
[Round "5.6"]
[White "Verheul, Job"]
[Black "Hooijmans, Max"]
[Result "1-0"]
[TimeControl "90min/40moves + 30min + 30sec/move"]
[WhiteElo "1707"]
[BlackElo "1420"]

1. e4 e5 2. Nf3 Nc6 3. Bb5 a6 4. Ba4 b5 5. Bb3 Bc5 6. O-O Nf6 7. c3 d6 8. d4 exd4 9. cxd4 Bb6 10.
h3 h6 11. a4 b4 12. Qd3 Qe7 13. Bf4 g5 14. e5 gxf4 15. exf6 Qxf6 16. Qe4+ Kd7 17. Bd5 Bb7 18. Rc1 Nxd4 19.
Bxb7 Nb3 20. Bxa8 Qxb2 21. Nbd2 Nxa1 22. Re1 Qf6 23. Bc6+ Kc8 24. Qe2 1-0

[Event "NJSK 2022 Jeugd A"]
[Site "Almelo, Netherlands"]
[Date "2022.05.05"]
[Round "5.7"]
[White "Hubers, Daan"]
[Black "Visser, Berend"]
[Result "1/2-1/2"]
[TimeControl "90min/40moves + 30min + 30sec/move"]
[WhiteElo "1818"]
[BlackElo "1763"]

1. b4 d5 2. Bb2 Bf5 3. e3 Nf6 4. a4 e6 5. b5 Bd6 6. Nf3 h6 7. Bd3 Bxd3 8. cxd3 O-O 9. O-O Nbd7 10.
Re1 e5 11. d4 e4 12. Ne5 Re8 13. f4 a6 14. Nc3 a5 15. Qb3 Nb6 16. Rac1 Bxe5 17. fxe5 Nh7 18. Rf1 Ng5 19. Rf2 Re7 20.
Ba3 Rd7 21. Ne2 Rc8 22. Nf4 Ne6 23. Nxe6 fxe6 24. Rf8+ Qxf8 25. Bxf8 Rxf8 26. Rf1 Rdf7 27. Rxf7 Rxf7 28. d3 exd3 29. Qxd3 Kf8 30. Qh7 Re7 31. Qh8+ Kf7 32. Qb8 Nxa4 33. Qxb7 Nb6 34. Qa6 a4 35.
Kf2 Kg6 36. Qa5 Re8 37. Qc3 Ra8 38. Qxc7 a3 39. Qc2+ Kf7 40. Qa2 Nc4 41. e4 Ra5 42. exd5 exd5 43. Qb1 a2 44. Qf5+ Ke7 45.
e6 Nd6 46. Qg6 Rxb5 47. Qxg7+ Kxe6 48. Qxh6+ Kd7 49. Qh7+ Kd8 50. Qa7 Ne4+ 51. Ke3 Rb3+ 52. Kf4 Nc3 53. Ke5 Rb1 54. Qa5+ Kd7 55.
Qa7+ Kc8 56. Qa8+ Kc7 57. Qa7+ 1/2-1/2

[Event "NJSK 2022 Jeugd A"]
[Site "Almelo, Netherlands"]
[Date "2022.05.06"]
[Round "6.1"]
[White "Van Foreest, Machteld"]
[Black "Albers, Sasa"]
[Result "0-1"]
[TimeControl "90min/40moves + 30min + 30sec/move"]
[WhiteElo "2287"]
[BlackElo "2117"]

1. e4 c6 2. d3 d5 3. Nf3 dxe4 4. dxe4 Qxd1+ 5. Kxd1 Nf6 6. Nfd2 g6 7. f3 Bg7 8. Nc3 O-O 9. Nb3 Rd8+ 10.
Ke1 Nbd7 11. a4 Ne8 12. Bg5 Kf8 13. Rd1 Nc7 14. Bc4 b6 15. Bf4 Ne8 16. Be2 Bb7 17. a5 Ne5 18. Na4 Rxd1+ 19. Kxd1 Nd7 20. Kc1 Nef6 21. Rd1 Rc8 22. g4 Ke8 23.
g5 Nh5 24. Be3 Be5 25. axb6 Nxb6 26. Bxb6 axb6 27. Nxb6 Rd8 28. c4 Rxd1+ 29. Bxd1 Kd8 30. Nc5 Kc7 31. Nxb7 Kxb7 32. c5 Bxh2 33. b4 Bf4+ 34. Kb2 Bxg5 35. f4 Nxf4 36. Kc3 Ne6 37.
Kc4 Bf4 38. Bf3 Nd8 39. e5 Kc7 40. b5 cxb5+ 41. Kxb5 Bxe5 42. c6 Ne6 43. Nd5+ Kd6 44. Ne3 Nd4+ 45. Kb6 Nxf3 46. Nc4 Kd5 47.
Nxe5 Nxe5 48. c7 Nc4+ 49. Ka6 Nd6 0-1

[Event "NJSK 2022 Jeugd A"]
[Site "Almelo, Netherlands"]
[Date "2022.05.06"]
[Round "6.2"]
[White "Roebers, Eline"]
[Black "Klaren, Duncan"]
[Result "1-0"]
[TimeControl "90min/40moves + 30min + 30sec/move"]
[WhiteElo "2369"]
[BlackElo "1916"]

1. e4 c5 2. Nf3 d6 3. d4 cxd4 4. Nxd4 Nf6 5. Nc3 a6 6. Bg5 Nbd7 7. Qe2 h6 8. Bh4 g6 9. f4 e5 10.
fxe5 dxe5 11. O-O-O Qc7 12. Nb3 Be7 13. Qf3 g5 14. Bg3 Nb6 15. Be2 Bd7 16. Nd4 O-O-O 17. Nf5 Bb4 18. a3 g4 19.
Qf2 Bc5 20. Nd6+ Bxd6 21. Qxf6 Be6 22. Nd5 Bxd5 23. exd5 h5 24. Rd3 Kb8 25. Rhd1 Na4 26. Qf5 Qe7 27. Re3 Rde8 28. Rf1 Nb6 29.
Rb3 Bc5 30. Be1 Ref8 31. Bd3 Ka7 32. Be4 Nc4 33. Qf6 Qd6 34. Rc3 Qxf6 35. Rxf6 Be7 36. Rf1 Bg5+ 37. Kb1 Ne3 38. Bf2 f5 39.
Bxf5 1-0

[Event "NJSK 2022 Jeugd A"]
[Site "Almelo, Netherlands"]
[Date "2022.05.06"]
[Round "6.3"]
[White "Verheul, Job"]
[Black "Elgersma, Onno"]
[Result "1-0"]
[TimeControl "90min/40moves + 30min + 30sec/move"]
[WhiteElo "1707"]
[BlackElo "2303"]

1. e4 c6 2. d4 d5 3. e5 Bf5 4.
h4 h5 5.
c4 e6 6.
Nc3 Ne7 7. Nge2 Qb6 8. Ng3 Bg6 9. Bg5 Nd7 10. Rc1 dxc4 11. Bxc4 Rd8 12. Na4 Qc7 13. O-O Nb6 14. Nc5 Nxc4 15.
Rxc4 Rd5 16. Ne2 b5 17. Rc3 Nf5 18. Nf4 Rxd4 19. Qb3 Rxf4 20. Bxf4 Bxc5 21. Rxc5 O-O 22. Qxb5 Qe7 23. Qc4 Qxh4 24.
Rxc6 Ne7 25. Bg3 Qxc4 26. Rxc4 Bd3 27. Rc7 Bxf1 28. Kxf1 Nd5 29. Rxa7 Rc8 30. Rb7 Rc2 31. a4 g5 32.
a5 h4 33. Bh2 g4 34. a6 g3 35. Bxg3 hxg3 36. a7 Rxf2+ 37. Ke1 Nf4 38. a8=Q+ Kg7 39. Rb3 Nxg2+ 40. Kd1 Rf1+ 41. Kc2 Ne1+ 42.
Kd2 g2 43. Rg3+ Kh7 44. Qg8+ Kh6 45. Qh8# 1-0

[Event "NJSK 2022 Jeugd A"]
[Site "Almelo, Netherlands"]
[Date "2022.05.06"]
[Round "6.4"]
[White "Van Kuijk, Vadim"]
[Black "Bakker, Tycho"]
[Result "1-0"]
[TimeControl "90min/40moves + 30min + 30sec/move"]
[WhiteElo "1898"]
[BlackElo "1857"]

1. e4 c6 2. d4 d5 3. exd5 cxd5 4.
Bd3 Nc6 5. c3 Nf6 6. Bf4 Bg4 7. Qb3 Qd7 8. Nd2 e6 9. Ngf3 Bd6 10. Bxd6 Qxd6 11. O-O O-O 12. Rfe1 Qc7 13. Ne5 Nxe5 14.
dxe5 Nd7 15. Qb4 Bh5 16. Qh4 Bg6 17. Bxg6 fxg6 18. Nf3 Rae8 19. Nd4 Nc5 20. Re3 Qe7 21. Qg4 Ne4 22. f3 Ng5 23.
h4 Nf7 24. Qh3 Nh6 25. g4 g5 26. h5 Nf7 27. Qh2 Nd8 28. Nb5 Qc5 29. Qe2 Nf7 30. Nd4 a6 31. a4 Re7 32. b4 Qc8 33.
a5 Rc7 34. Ra3 Nd8 35. Qd2 Nc6 36. Nb3 Rcf7 37. Kg2 Qb8 38. Qe2 Nxe5 39. Nd2 Nc6 40. Rxe6 d4 41. c4 Nxb4 42. Rb3 Nc2 43.
Ne4 Ne3+ 44. Rxe3 dxe3 45. Nxg5 Rd7 46. Qxe3 Rfd8 47. Ne4 Rf8 48. c5 Qf4 49. Qxf4 Rxf4 50. Rb6 Rc7 51. Kf2 Rf8 52.
Ke3 Rd8 53. Rd6 Re8 54. Kd4 Rf8 55. Ng5 Rf4+ 56. Kd5 Rc8 57. Rd7 Ra4 58. Ne6 Rxa5 59. Rxg7+ Kh8 60. Rxb7 Ra1 61. g5 Rd1+ 62.
Ke5 Re1+ 63. Kf6 Re8 64. Rb6 a5 65. Kf7 Rg8 66. g6 hxg6 67. hxg6 Rg1 68. Rb2 Rh1 69. g7+ Rxg7+ 70. Nxg7 a4 71.
c6 a3 72. c7 axb2 73. c8=Q+ Kh7 74. Qg8 1-0

[Event "NJSK 2022 Jeugd A"]
[Site "Almelo, Netherlands"]
[Date "2022.05.06"]
[Round "6.5"]
[White "Pham, Khoi"]
[Black "Boeren, Jurriaan"]
[Result "1-0"]
[TimeControl "90min/40moves + 30min + 30sec/move"]
[WhiteElo "2291"]
[BlackElo "1778"]

1. e4 e5 2. Nf3 Nc6 3. Bb5 a6 4. Ba4 Nf6 5. O-O Be7 6. d3 b5 7. Bb3 d6 8. c3 O-O 9. a4 Bb7 10.
Bg5 Nd7 11. Be3 Na5 12. Bc2 c5 13. Nbd2 d5 14. d4 dxe4 15. Nxe4 Qc7 16. dxc5 Nc4 17. b4 h6 18. Bc1 Rad8 19.
Qe2 f5 20. Ned2 Nxd2 21. Nxd2 bxa4 22. Bxa4 e4 23. c6 Nb6 24. Bb3+ Kh8 25. cxb7 Qxc3 26. Rxa6 1-0

[Event "NJSK 2022 Jeugd A"]
[Site "Almelo, Netherlands"]
[Date "2022.05.06"]
[Round "6.6"]
[White "Visser, Berend"]
[Black "Van Dam, Thijs"]
[Result "0-1"]
[TimeControl "90min/40moves + 30min + 30sec/move"]
[WhiteElo "1763"]
[BlackElo "1903"]

1. d4 d5 2. c4 e6 3. Nf3 Nf6 4.
Nc3 dxc4 5. a4 c5 6. e3 Nc6 7. Bxc4 cxd4 8. exd4 Bb4 9. O-O O-O 10. Bg5 Bxc3 11. bxc3 h6 12. Bh4 b6 13.
Re1 Bb7 14. Qe2 Rc8 15. Ba6 Na5 16. Bxb7 Nxb7 17. Rec1 Na5 18. Rab1 Rc4 19. Rb4 Qc7 20. Rxc4 Qxc4 21. Qxc4 Nxc4 22.
Ne5 Rc8 23. Bxf6 gxf6 24. Nd3 Nd2 25. f3 Nb3 26. Rd1 Rxc3 27. Nf4 Rc4 28. Nh5 Rxa4 29. Nxf6+ Kg7 30. Ne8+ Kf8 31. Nd6 Rxd4 32.
Rxd4 Nxd4 33. Nc8 Nb5 34. Kf2 Ke8 35. Kg3 Kd7 36. Nxb6+ axb6 37. Kh4 Nd4 38. Kh5 b5 39. Kxh6 b4 40.
h4 b3 41. Kg5 b2 42. h5 b1=Q 43. g4 Nxf3+ 44. Kh6 Qg1 45. Kh7 Qxg4 46. h6 Ke7 47. Kh8 Kf8 0-1

[Event "NJSK 2022 Jeugd A"]
[Site "Almelo, Netherlands"]
[Date "2022.05.06"]
[Round "6.7"]
[White "Hooijmans, Max"]
[Black "Hubers, Daan"]
[Result "1/2-1/2"]
[TimeControl "90min/40moves + 30min + 30sec/move"]
[WhiteElo "1420"]
[BlackElo "1818"]

1. e4 e5 2. Nf3 Nc6 3. Bc4 Nf6 4. d3 Bc5 5. Be3 Bb6 6. O-O d6 7. Nc3 Bg4 8. h3 Bh5 9. Kh2 h6 10.
Rg1 Qd7 11. Nd5 Nd4 12. Nxf6+ gxf6 13. g4 Bg6 14. Nxd4 Bxd4 15. Bxd4 exd4 16. f4 O-O-O 17. f5 Bh7 18. Qf3 Qe7 19. Rg3 c6 20. Qf2 Qe5 21. Rf1 a5 22. a3 b5 23.
Ba2 b4 24. axb4 axb4 25. Qd2 Qc5 26. Bb3 Kc7 27. Ra1 h5 28. Qf4 hxg4 29. Rxg4 Rdg8 30. Rag1 Rxg4 31. Rxg4 Qa5 32. Rg7 Bg6 33.
fxg6 Qh5 34. Qg3 Qe2+ 35. Qg2 Rxh3+ 36. Kxh3 Qh5+ 37. Kg3 Qg5+ 38. Kh2 Qh4+ 39. Qh3 Qf2+ 40. Kh1 Qe1+ 41. Kg2 Qe2+ 42.
Kg3 Qe3+ 43. Kg4 Qg5+ 44. Kf3 Qe3+ 45. Kg2 Qe2+ 46. Kg1 Qe1+ 47. Qf1 Qg3+ 48. Kh1 Qh4+ 49. Kg2 Qg5+ 50. Kf3 Qe3+ 51.
Kg2 1/2-1/2

[Event "NJSK 2022 Jeugd A"]
[Site "Almelo, Netherlands"]
[Date "2022.05.07"]
[Round "7.1"]
[White "Van Kuijk, Vadim"]
[Black "Roebers, Eline"]
[Result "0-1"]
[TimeControl "90min/40moves + 30min + 30sec/move"]
[WhiteElo "1898"]
[BlackElo "2369"]

1. e4 c5 2. Nf3 e6 3. d4 cxd4 4. Nxd4 Nc6 5. Nc3 Nf6 6. Ndb5 Bc5 7. Bf4 O-O 8. Bc7 Qe7 9. Bd6 Bxd6 10.
Nxd6 a6 11. Be2 Ne8 12. Nxe8 Rxe8 13. O-O b5 14. Qd2 Bb7 15. Rad1 Red8 16. a3 Rac8 17. Qd6 Kf8 18. f4 Na5 19.
Kh1 Nc4 20. Bxc4 Rxc4 21. Qb6 Bc6 22. Qe3 a5 23. f5 exf5 24. Qh3 Kg8 25. exf5 Qg5 26. Rf2 Re8 27. b3 Re3 28. Re2 Rcxc3 29. Rde1 Rxe2 30. Rxe2 Qc1+ 31. Re1 Qxe1# 0-1

[Event "NJSK 2022 Jeugd A"]
[Site "Almelo, Netherlands"]
[Date "2022.05.07"]
[Round "7.2"]
[White "Albers, Sasa"]
[Black "Verheul, Job"]
[Result "1/2-1/2"]
[TimeControl "90min/40moves + 30min + 30sec/move"]
[WhiteElo "2117"]
[BlackElo "1707"]

1. e4 c6 2. Nf3 d5 3. Nc3 Bg4 4.
h3 Bxf3 5. Qxf3 e6 6. Be2 Bc5 7. O-O Nd7 8. exd5 exd5 9. Re1 Ne7 10. Na4 Bd6 11. d4 O-O 12. Bd3 Ng6 13. Nc3 Qc7 14.
Ne2 Rfe8 15. Bd2 Nf6 16. g3 Ne4 17. Be3 Re6 18. c4 Bb4 19. cxd5 cxd5 20. Rec1 Qe7 21. Nc3 Bxc3 22. bxc3 Rf6 23.
Qe2 Nxg3 24. fxg3 Re6 25. Re1 Re8 26. Bxg6 fxg6 27. Kf2 Rf8+ 28. Kg2 Re8 29. Kf2 Rf8+ 1/2-1/2

[Event "NJSK 2022 Jeugd A"]
[Site "Almelo, Netherlands"]
[Date "2022.05.07"]
[Round "7.3"]
[White "Elgersma, Onno"]
[Black "Van Foreest, Machteld"]
[Result "1-0"]
[TimeControl "90min/40moves + 30min + 30sec/move"]
[WhiteElo "2303"]
[BlackElo "2287"]

1. e4 c5 2. Nf3 e6 3. g3 Nc6 4. Bg2 Nf6 5. Qe2 Be7 6. e5 Nd5 7. O-O d6 8. exd6 Qxd6 9. Rd1 Bf6 10.
Nc3 Nxc3 11. dxc3 Qe7 12. Nd2 Bd7 13. Ne4 Be5 14. Bg5 f6 15. Be3 b6 16. f4 Bc7 17. Rxd7 Qxd7 18. Rd1 Qe7 19.
Nxc5 Rd8 20. Bxc6+ Kf7 21. Ne4 Rxd1+ 22. Qxd1 Rd8 23. Qe2 Bb8 24. Ba4 Qb7 25. Nf2 g6 26. Bb3 Qd7 27. Bd4 Ke7 28.
Ng4 Rf8 29. Ne3 Kf7 30. f5 gxf5 31. Nxf5 Be5 32. Qh5+ Kg8 33. Qg4+ Kf7 34. Qg7+ Ke8 35. Ba4 1-0

[Event "NJSK 2022 Jeugd A"]
[Site "Almelo, Netherlands"]
[Date "2022.05.07"]
[Round "7.4"]
[White "Maters, Arthur"]
[Black "Pham, Khoi"]
[Result "0-1"]
[TimeControl "90min/40moves + 30min + 30sec/move"]
[WhiteElo "2048"]
[BlackElo "2291"]

1. e4 c5 2. Nc3 Nc6 3. Nf3 e6 4. d4 cxd4 5. Nxd4 Nf6 6. g3 Bb4 7. Bg2 O-O 8. O-O d6 9. h3 Nxd4 10.
Qxd4 Bc5 11. Qd3 Bd7 12. e5 dxe5 13. Bxb7 Rb8 14. Ne4 Nxe4 15. Bxe4 f5 16. Bg2 e4 17. Qe2 Qf6 18. Rb1 Bd4 19.
Rd1 Bb5 20. c4 Bc6 21. Be3 e5 22. Qd2 Rbd8 23. b4 Ba4 24. Re1 f4 25. Bxd4 Rxd4 26. Qb2 Qg6 27. Kh2 Rfd8 28. Rbc1 Rd2 29.
Qxe5 Rxf2 30. Kh1 Qxg3 31. Qxe4 f3 0-1

[Event "NJSK 2022 Jeugd A"]
[Site "Almelo, Netherlands"]
[Date "2022.05.07"]
[Round "7.5"]
[White "Klaren, Duncan"]
[Black "Boeren, Jurriaan"]
[Result "1-0"]
[TimeControl "90min/40moves + 30min + 30sec/move"]
[WhiteElo "1916"]
[BlackElo "1778"]

1. d4 d5 2. Nf3 Nf6 3. Bf4 c5 4. c3 Nc6 5. e3 Qb6 6. Qb3 c4 7. Qxb6 axb6 8. Na3 Ra5 9. Bc7 e6 10.
Bxb6 Ra6 11. Bc5 Bxc5 12. dxc5 Ra5 13. Nd4 Rxc5 14. Ndb5 Ke7 15. b4 cxb3 16. axb3 Ne5 17. b4 Rc6 18.
Nd4 Rb6 19. f3 Bd7 20. Be2 Rc8 21. Kd2 Nc4+ 22. Nxc4 dxc4 23. Ra5 Nd5 24. Rha1 Kd6 25. g3 e5 26. Nc2 f5 27. Na3 f4 28.
exf4 exf4 29. Nxc4+ Rxc4 30. Bxc4 Ne3 31. Bd3 Nd5 32. c4 1-0

[Event "NJSK 2022 Jeugd A"]
[Site "Almelo, Netherlands"]
[Date "2022.05.07"]
[Round "7.6"]
[White "Bakker, Tycho"]
[Black "Hubers, Daan"]
[Result "0-1"]
[TimeControl "90min/40moves + 30min + 30sec/move"]
[WhiteElo "1857"]
[BlackElo "1818"]

1. e4 Nf6 2. e5 Ng8 3. d4 d6 4. exd6 cxd6 5. Bd3 Nf6 6. h3 e5 7. dxe5 dxe5 8. Ne2 Nc6 9. Nbc3 Be6 10.
Bg5 Be7 11. Ng3 h6 12. Be3 a6 13. Nf5 Bxf5 14. Bxf5 Qa5 15. Bd3 e4 16. Bc4 Rd8 17. Qe2 Bb4 18. O-O Bxc3 19. bxc3 Qxc3 20.
Rab1 Nd4 21. Bxd4 Rxd4 22. Bb3 O-O 23. Rbd1 Rfd8 24. Rxd4 Qxd4 25. Re1 Qc3 26. Rd1 Rd4 27. a4 Rxd1+ 28. Qxd1 e3 29. fxe3 Qxe3+ 30. Kh1 Ne4 31. Qd5 Qe1+ 32. Kh2 Qg3+ 33. Kg1 Qe1+ 34. Kh2 Qg3+ 35. Kg1 Qf2+ 36. Kh2 Qf4+ 37.
Kg1 Ng3 38. Qd8+ Kh7 39. Qd3+ f5 40. Qc4 Qc1+ 41. Kf2 Ne4+ 42. Ke2 Qd2+ 43. Kf3 Qf2# 0-1

[Event "NJSK 2022 Jeugd A"]
[Site "Almelo, Netherlands"]
[Date "2022.05.07"]
[Round "7.7"]
[White "Visser, Berend"]
[Black "Hooijmans, Max"]
[Result "0-1"]
[TimeControl "90min/40moves + 30min + 30sec/move"]
[WhiteElo "1763"]
[BlackElo "1420"]

1. d4 d5 2. c4 e6 3. Nf3 Nf6 4.
Nc3 Bb4 5. Bg5 h6 6. Bh4 c6 7. e3 Nbd7 8. cxd5 cxd5 9. Bd3 O-O 10. O-O Qa5 11. Qc2 Ne8 12. a3 Bd6 13. Nb5 Qb6 14.
Rfe1 f5 15. Nxd6 Nxd6 16. Bg3 Nf6 17. Bxd6 Qxd6 18. Ne5 Bd7 19. Rac1 Rfc8 20. Qb3 Rxc1 21. Rxc1 Rc8 22. Rxc8+ Bxc8 23.
Qc3 Bd7 24. Qa5 Qb8 25. Qb4 Qc7 26. h3 Be8 27. Qd2 Nd7 28. Nxd7 Bxd7 29. g4 Qd8 30. gxf5 exf5 31. Qc2 f4 32.
Kh2 Qh4 33. Bf1 f3 34. b4 Bf5 35. Qa2 Kh8 36. Qd2 g5 37. Qb2 Bxh3 38. Qc2 Bg2+ 39. Kg1 Qh1# 0-1